 Dungeon Crawl Stone Soup version 0.28-a0-172-g787e458d71 (webtiles) character file.

Game seed: 5359254357044729915

1367 lunkers the Martial Artist (level 8, -8/54 HPs)
             Began as a Djinni Warper on Aug 16, 2021.
             Mangled by a gnoll sergeant (10 damage)
             ... on level 6 of the Dungeon.
             The game lasted 00:13:32 (8846 turns).

lunkers the Martial Artist (Djinni Warper)          Turns: 8846, Time: 00:13:32

Health: -8/54      AC:  6    Str: 10    XL:     8   Next: 97%
Gold:   294        EV: 11    Int: 18    God:
                   SH:  0    Dex: 12

rFire   + + .      SeeInvis +     - Unarmed
rCold   x . .      Faith    .   (no shield)
rNeg    . . .      Spirit   .   a - +0 leather armour
rPois   ∞          Reflect  .   (no helmet)
rElec   .          Harm     .   p - +1 cloak
rCorr   .          Rampage  .   w - +0 pair of gloves
Will    .....                   (boots unavailable)
Stlth   +.........              (no amulet)
HPRegen 0.18/turn               g - ring of see invisible
MPRegen 0.00/turn               (no ring)

@: about to teleport, wereblooded, flying
A: sickness immunity, fire resistance 2, cold vulnerability 1, float, innate
caster, hp casting, extra vitality 1
a: no special abilities


You were on level 6 of the Dungeon.
You visited 2 branches of the dungeon, and saw 7 of its levels.

You collected 294 gold pieces.

Inventory:

Hand Weapons
 q - a +2 war axe of freezing
 t - a +7 trident of venom
 u - the +4 short sword of the Visionary {pain, +Rage Str+5}
   (You found it on level 5 of the Dungeon)

   In the hands of one skilled in necromantic magic, it inflicts extra damage on
   living creatures.
   Str:       It affects your strength (+5).
   +Rage:     It lets you go berserk.
Missiles
 c - 5 boomerangs of dispersal
 l - 14 boomerangs
Armour
 a - a +0 leather armour (worn)
 p - a +1 cloak (worn)
 w - a +0 pair of gloves (worn)
Jewellery
 g - a ring of see invisible (left hand)
Wands
 j - a wand of flame (20)
Scrolls
 b - a scroll of enchant armour {unknown}
 e - 2 scrolls of teleportation
 h - 2 scrolls of magic mapping
 r - a scroll of vulnerability
Potions
 d - 5 potions of curing
 f - 3 potions of haste
 i - a potion of resistance
 k - a potion of might {unknown}
 m - a potion of attraction {unknown}
 n - a potion of degeneration {unknown}
 s - a potion of brilliance {unknown}
 v - a potion of lignification {unknown}


   Skills:
 - Level 2.0 Fighting
 - Level 0.7 Throwing
 - Level 1.0 Armour
 - Level 2.1 Dodging
 * Level 8.7 Unarmed Combat
 + Level 5.1 Spellcasting


You couldn't memorise any spells.
You knew the following spells:

 Your Spells              Type           Power      Damage    Failure   Level
b - Lesser Beckoning      Tloc           11%        N/A       7%          3
c - Gell's Gravitas       Tloc           11%        N/A       7%          3
d - Teleport Other        Tloc           23%        N/A       7%          3
e - Manifold Assault      Tloc           23%        N/A       52%         5
f - Wereblood             Tmut           23%        N/A       3%          2
g - Searing Ray           Conj           46%        3d4       3%          2
o - Magic Dart            Conj           92%        1d7       2%          1
p - Blink                 Tloc           N/A        N/A       3%          2
Your spell library was empty.

Dungeon Overview and Level Annotations

Branches:
Dungeon (6/15)             Temple (1/1) D:5

Altars:
Ashenzari
Dithmenos
Elyvilon
Gozag
Hepliaklqana
Makhleb
Nemelex Xobeh
Okawaru
Qazlal
Ru
Sif Muna
Trog
Uskayaw
Wu Jian
Xom
Yredelemnul
Zin
The Shining One


Innate Abilities, Weirdness & Mutations

You are immune to sickness and miasma.
You are immune to poison.
Your flesh is very heat resistant. (rF++)
You are vulnerable to cold. (rC-)
You float through the air rather than walking.
You learn spells naturally, not from books.
Your magical power is your life essence.
You have superior vitality. (+4 HP)


Message History

The gnoll sergeant is moderately wounded.
You hit the gnoll sergeant but do no damage.
The gnoll sergeant is moderately wounded.
The gnoll sergeant hits you with a +0 spear.
You closely miss the gnoll sergeant.
The gnoll sergeant is moderately wounded.
The gnoll sergeant closely misses you.
You hit the gnoll sergeant.
The gnoll sergeant is heavily wounded.
The gnoll sergeant barely misses you.
You barely miss the gnoll sergeant.
The gnoll sergeant is heavily wounded.
The gnoll sergeant hits you with a +0 spear.
* * * LOW HITPOINT WARNING * * *
The gnoll hits you with a +0 spear!
* * * LOW HITPOINT WARNING * * *
You hit the gnoll sergeant.
The gnoll sergeant is severely wounded.
The gnoll barely misses you.
You hit the gnoll sergeant. Your punch misses the gnoll sergeant.
The gnoll sergeant is severely wounded.
The gnoll sergeant hits you with a +0 spear!
* * * LOW HITPOINT WARNING * * *
The gnoll hits you with a +0 spear.
* * * LOW HITPOINT WARNING * * *
The gnoll hits you with a +0 flail.
* * * LOW HITPOINT WARNING * * *
You closely miss the gnoll sergeant.
The gnoll sergeant is severely wounded.
The gnoll sergeant barely misses you. The gnoll hits you with a +0 spear.
* * * LOW HITPOINT WARNING * * *
The gnoll misses you.
As you read the scroll of teleportation, it crumbles to dust.
You feel strangely unstable. The gnoll hits you with a +0 spear.
* * * LOW HITPOINT WARNING * * *
The gnoll sergeant hits you but does no damage.
The gnoll hits you with a +0 flail.
* * * LOW HITPOINT WARNING * * *
The gnoll sergeant hits you from afar with a +0 spear!
You die...

#.....#.####### #......#
#######.##### #.######
########........######.######
....................##.##...##
########.....................#
#.........##.##.##....#
####.####g##..#.##....#
#.....g.g....#.##....#
#.......@.........##.# ###
#.................##.# #.#
.......................# #.#
###.................#### #.#
#...........#.....# #.#
########'####.....# #.#.#.#
######.# #.....#
#<#.#.#####...##.# #.....#
).#.#.#..##.[.##.# #.>...#


You could see a gnoll sergeant and 2 gnolls.

Vanquished Creatures
  A sky beast (D:6)
  A black bear (D:5)
  2 ogres (D:4)
  A centaur (D:4)
  A phantom (D:6)
  2 bullfrogs (D:6)
  A gnoll sergeant (D:5)
  Blork the orc (D:4)
  A wyvern skeleton (D:6)
  A water moccasin skeleton (D:6)
  3 howler monkeys
  A hound (D:5)
  2 bullfrog zombies (D:5)
  2 orc priests (D:6)
  A gnoll shaman (D:4)
  3 orc wizards
  6 gnolls
  6 adders
  A white imp (D:6)
  2 worms
  2 dart slugs (D:1)
  12 orcs
  6 endoplasms
  4 giant cockroaches
  9 goblins
  6 hobgoblins
  3 jackals (D:5)
  3 kobolds
  3 quokkas
  6 ball pythons
  2 bats
  3 frilled lizards
  5 rats
103 creatures vanquished.

Vanquished Creatures (others)
  An adder (D:4)
  A gnoll (D:4)
  An orc (D:4)
  2 kobolds (D:4)
5 creatures vanquished.

Grand Total: 108 creatures vanquished

Notes
Turn   | Place    | Note
-------+----------+-------------------------------------------
     0 | D:1      | lunkers the Djinni Warper began the quest for the Orb.
     0 | D:1      | Reached XP level 1. HP: 18/18 MP: 0/0
   209 | D:1      | Found a faded altar of an unknown god.
   215 | D:1      | Reached XP level 2. HP: 20/23 MP: 0/0
   931 | D:1      | Reached skill level 3 in Unarmed Combat
   931 | D:1      | Reached XP level 3. HP: 25/28 MP: 0/0
   931 | D:1      | Learned a level 1 spell: Magic Dart
  2573 | D:3      | Reached XP level 4. HP: 28/33 MP: 0/0
  2777 | D:3      | Found a hazy altar of Hepliaklqana.
  3127 | D:4      | Noticed a centaur
  3133 | D:4      | Killed a centaur
  3134 | D:4      | Reached skill level 4 in Unarmed Combat
  3134 | D:4      | Reached XP level 5. HP: 24/38 MP: 0/0
  3134 | D:4      | Learned a level 2 spell: Wereblood
  3793 | D:4      | Found a shimmering altar of Xom.
  3841 | D:4      | Reached XP level 6. HP: 20/43 MP: 0/0
  4022 | D:4      | Noticed an ogre
  4052 | D:4      | Killed an ogre
  4053 | D:4      | Reached skill level 5 in Unarmed Combat
  4299 | D:4      | Noticed Blork the orc
  4722 | D:5      | Entered Level 5 of the Dungeon
  4750 | D:5      | Noticed an ogre
  4795 | D:4      | Killed an ogre
  5635 | D:4      | Reached XP level 7. HP: 40/49 MP: 0/0
  5635 | D:4      | Learned a level 2 spell: Searing Ray
  5715 | D:4      | Killed Blork the orc
  5716 | D:4      | Reached skill level 6 in Unarmed Combat
  6785 | D:5      | Reached skill level 7 in Unarmed Combat
  6785 | D:5      | Reached XP level 8. HP: 53/54 MP: 0/0
  6837 | D:5      | Identified the +4 short sword of the Visionary {pain, +Rage
                  | Str+5}
  7109 | D:5      | Found a staircase to the Ecumenical Temple.
  7283 | Temple   | Entered the Ecumenical Temple
  8084 | D:6      | Reached skill level 8 in Unarmed Combat
  8672 | D:6      | Reached skill level 5 in Spellcasting
  8845 | D:6      | HP: 2/54 [gnoll (1)]
  8846 | D:6      | Mangled by a gnoll sergeant

Illustrated notes

Levels and vault maps discovered:
D:1:      minmay_arrival_four_loops, layout_rooms, basic_ecumenical_altar,
          patterned_corridor
D:2:      layout_loops_ring
D:3:      layout_loops_ring, nicolae_hepliaklqana_hazy_memory,
          corexii_corridor_pit, st_stairs_6
D:4:      layout_rooms, mainiacjoe_overflow_chevrons, lemuel_old_faithful,
          uniq_blork_the_orc
D:5:      layout_cave_pools, minmay_temple_entry_hall
D:6:      layout_basic
Temple:   regret_index_temple_sphere_string

Skill      XL: |  1  2  3  4  5  6  7  8 |
---------------+-------------------------+-----
Unarmed Combat | 3 4 5 7 8 |  8.7
Spellcasting   | 3 4 5 |  5.1
Fighting       | |  2.0
Throwing       | |  0.7
Armour         | |  1.0
Dodging        | |  2.1

Action                   |  1- 3 |  4- 6 |  7- 9 || total
-------------------------+-------+-------+-------++-------
Melee: Unarmed           |    60 |       |    71 ||   131
       Trident           |       |       |    29 ||    29
       Short sword       |       |       |    18 ||    18
       Punch             |       |       |     3 ||     3
 Cast: Blink             |     1 |       |       ||     1
       Magic Dart        |    55 |   112 |    94 ||   261
       Searing Ray       |       |       |     6 ||     6
       Wereblood         |       |       |     5 ||     5
Evoke: Wand              |       |     7 |     7 ||    14
  Use: Scroll            |       |       |    12 ||    12
 Stab: Sleeping          |     1 |       |       ||     1
Armor: Leather armour    |    15 |    13 |    55 ||    83
Dodge: Dodged            |    36 |    29 |    85 ||   150

Table legend: (Time is in decaauts)
 A = Elapsed time spent in this place.
 B = Non-inter-level travel time spent in this place.
 C = Inter-level travel time spent in this place.
 D = Time resting spent in this place.
 E = Time spent auto-exploring this place.
 F = Levels seen in this place.
 G = Mean time per level.
                   A        B        C        D        E       F      G
               +--------+--------+--------+--------+--------+-----+--------+
         Total |   8847 |   8681 |    166 |   1875 |   5660 |   7 | 1263.9 |
       Dungeon |   8664 |   8506 |    158 |   1875 |   5512 |   6 | 1444.0 |
        Temple |    183 |    176 |      7 |      0 |    148 |   1 |  183.0 |
               +--------+--------+--------+--------+--------+-----+--------+

Top non-repeatable levels by time:
     D:4: 2310 daAuts
     D:5: 1493 daAuts
     D:3: 1280 daAuts
     D:1: 1252 daAuts
     D:6: 1188 daAuts
     D:2: 1139 daAuts
  Temple: 183 daAuts
